 Dungeon Crawl Stone Soup version 0.27.1-4-g1640c2035a (webtiles) character file.

Game seed: 13549104622407710961

39756 BinkBink the Whirler (level 13, -1/57 HPs)
             Began as a Spriggan Brigand on Nov 1, 2021.
             Was a Priest of Okawaru.
             Shot with an arrow by a centaur warrior (14 damage)
             ... on level 13 of the Dungeon.
             The game lasted 03:33:52 (48317 turns).

BinkBink the Whirler (Spriggan Brigand)            Turns: 48317, Time: 03:33:53

Health: -1/57      AC:  7    Str: 10    XL:     13   Next: 70%
Magic:  33/33      EV: 26    Int: 14    God:    Okawaru [***...]
Gold:   1165       SH:  0    Dex: 17    Spells: 24/26 levels left

rFire    + . .     SeeInvis +   V - +1 hunting sling (freeze)
rCold    . . .     Faith    .   (shield restricted)
rNeg     . . .     Spirit   .   G - +2 robe {rF+}
rPois    +         Reflect  .   (helmet restricted)
rElec    .         Harm     .   m - +2 cloak
rCorr    .         Rampage  .   (gloves unavailable)
Will     ++...                  (boots unavailable)
Stlth    ++++++....             p - amulet of regeneration
HPRegen  1.19/turn              z - ring of poison resistance
MPRegen  0.23/turn              R - ring of magical power

@: very quick
A: very small, no large weapons, unfitting armour, see invisible, speed 3
a: Renounce Religion, Heroism


You were on level 13 of the Dungeon.
You worshipped Okawaru.
Okawaru was most pleased with you.
You visited 4 branches of the dungeon, and saw 22 of its levels.

You collected 1245 gold pieces.
You spent 80 gold pieces at shops.

Inventory:

Hand Weapons
 l - a +4 dagger
 J - the +5 quarterstaff of the Piercing Seer {vamp, rPois rCorr Int+2 SInv Stlth-}
   (You found it on level 9 of the Dungeon)

   It occasionally heals its wielder for a portion of the damage dealt when it
   wounds a living foe.
   Int:       It affects your intelligence (+2).
   rPois:     It protects you from poison.
   SInv:      It lets you see invisible.
   rCorr:     It protects you from acid and corrosion.
   Stlth:     It makes you less stealthy.
 V - a +1 hunting sling of freezing (weapon)
Missiles
 d - 20 poisoned darts
 e - 3 curare-tipped darts
 C - 92 stones (quivered ammo)
 L - 51 sling bullets
Armour
 m - a +2 cloak (worn)
 G - a +2 robe of fire resistance (worn)
Jewellery
 p - an amulet of regeneration (around neck)
 r - an amulet of the acrobat
 t - an amulet of faith
 z - a ring of poison resistance (left hand)
 A - a ring of fire
 R - a ring of magical power (right hand)
 U - a +4 ring of protection
Wands
 h - a wand of iceblast (14)
 D - a wand of digging (2)
 F - a wand of flame (18)
 H - a wand of paralysis (20)
 T - a wand of polymorph (13)
Scrolls
 a - 2 scrolls of immolation
 f - 5 scrolls of amnesia
 k - 3 scrolls of teleportation
 n - 4 scrolls of enchant armour
 q - 2 scrolls of acquirement {unknown}
 y - 4 scrolls of fear
 I - 2 scrolls of vulnerability
 K - 2 scrolls of blinking {unknown}
 M - a scroll of magic mapping {unknown}
 N - 4 scrolls of brand weapon
 O - 2 scrolls of noise
 S - a scroll of fog {unknown}
Potions
 b - 2 potions of heal wounds {unknown}
 c - 2 potions of might
 g - 5 potions of curing
 j - 3 potions of magic
 o - 6 potions of brilliance
 s - 2 potions of berserk rage {unknown}
 u - 3 potions of resistance
 v - 2 potions of ambrosia {unknown}
 w - a potion of lignification {unknown}
 x - 4 potions of flight
 B - 4 potions of attraction
 E - a potion of degeneration {unknown}
 P - 2 potions of invisibility {unknown}


   Skills:
 - Level 1.5 Fighting
 * Level 10.0 Short Blades
 + Level 16.7(17.1) Slings
 + Level 5.1(10.8) Throwing
 * Level 13.2 Dodging
 - Level 14.4 Stealth
 * Level 7.0 Spellcasting
 * Level 4.0 Hexes
 - Level 5.6 Evocations


You had 24 spell levels left.
You knew the following spells:

 Your Spells              Type           Power      Damage    Failure   Level
a - Slow                  Hex            16%        N/A       4%          2

Your spell library contained the following spells:

 Spells                   Type           Power      Damage    Failure   Level
 Confusing Touch          Hex            16%        N/A       9%          3
 Foxfire                  Conj/Fire      16%        2x1d4     14%         1
 Inner Flame              Hex/Fire       10%        N/A       19%         3
 Portal Projectile        Hex/Tloc       20%        N/A       19%         3
 Passwall                 Tmut/Erth      3%         N/A       22%         2
 Cause Fear               Hex            8%         N/A       26%         4
 Call Canine Familiar     Summ           4%         N/A       38%         3
 Conjure Flame            Conj/Fire      4%         6-21      38%         3
 Swiftness                Air            4%         N/A       38%         3
 Vampiric Draining        Necr           2%         2d6       38%         3
 Leda's Liquefaction      Hex/Erth       5%         N/A       52%         4
 Airstrike                Air            2%         N/A       80%         4
 Animate Dead             Necr           2%         N/A       80%         4
 Summon Lightning Spire   Summ/Air       4%         N/A       80%         4
 Borgnjor's Vile Clutch   Necr/Erth      2%         N/A       98%         5
 Lightning Bolt           Conj/Air       2%         1d13      98%         5
 Invisibility             Hex            8%         N/A       99%         6
 Death Channel            Necr           2%         N/A       100%        6
 Discord                  Hex            8%         N/A       100%        8


Dungeon Overview and Level Annotations

Branches:
Dungeon (14/15)            Temple (1/1) D:6            Lair (6/6) D:8
  Swamp (0/4) Lair:2       Spider (0/4) Lair:3        Slime (0/5) Lair:5
    Orc (1/2) D:12
 Vaults: D:13-14

Altars:
Ashenzari
Cheibriados
Dithmenos
Elyvilon
Fedhas
Gozag
Hepliaklqana
Kikubaaqudgha
Makhleb
Nemelex Xobeh
Okawaru
Qazlal
Ru
Sif Muna
Trog
Uskayaw
Vehumet
Wu Jian
Xom
Yredelemnul
Zin
The Shining One
Jiyva

Shops:
D:1 *   D:7 *   D:14 !

Annotations:
D:3 1 runed translucent door, makewrite's ghost, weakling MiMo
D:9 exclusion: 2 oklob saplings
D:13 Urug
Lair:5 exclusion: oklob plant


Innate Abilities, Weirdness & Mutations

You are very small and have problems with some larger weapons.
You are too small for most types of armour.
You have supernaturally acute eyesight. (SInv)
You cover ground extremely quickly. (Speed+++)


Message History

As you read the scroll of identify, it crumbles to dust.
B - 4 potions of attraction An ugly thing and Urug come into view.
Urug is wielding a +4 glaive and quivering silver javelins.
Urug shouts!
The brown ugly thing gurgles horribly!
The brown ugly thing completely misses you.
Found a potion of curing.
A wraith comes into view.
You see here a potion of curing.
The helpless wraith fails to defend itself.
You perforate the wraith like a sieve!!!!
You destroy the wraith!
Okawaru accepts your kill.
Your Hexes skill increases to level 4!
Found 24 gold pieces.
You see here 24 gold pieces.
Found a scale mail.
You see here a +1 hunting sling of freezing.
V - a +1 hunting sling of freezing You drop a +0 hunting sling.
Your +1 hunting sling of freezing is covered in frost.
V - a +1 hunting sling of freezing (weapon)
You drop a +2 rapier of electrocution.
Found a wand of iceblast (6).
You shoot a stone.
The stone closely misses the centaur warrior.
The centaur warrior shouts!
You shoot a stone. The stone hits the centaur warrior.
The stone freezes the centaur warrior.
The centaur warrior is lightly wounded.
The centaur warrior shoots an arrow.
The arrow misses you.
The centaur warrior shoots an arrow.
The arrow completely misses you.
The centaur warrior shoots an arrow.
The arrow hits you!! The arrow freezes you!
The centaur warrior shoots an arrow.
The arrow hits you!!
* * * LOW HITPOINT WARNING * * *
The arrow freezes you!
* * * LOW HITPOINT WARNING * * *
You feel better.
The centaur warrior shoots an arrow.
The arrow hits you!
You die...

#.# ###.####
#############
.......####...........#
..c................)..#
......................##
####...................#
...#......######.......#
...#...>..# #.......#
...#......# #@......#
...#......# #.......#
...#......# #.......#
...#..c...#. #.......#
c..#......#.. #.......##
...#......# .. #.......)#
...#......####(#c.......#
.###..................###
.# ...................#


You could see a centaur warrior.

Vanquished Creatures
  Gastronok (Lair:3)
  4 hydras
  A boulder beetle (D:13)
  5 two-headed ogres
  3 death yaks (Lair:4)
  Nergalle (D:11)
  A bog body (Lair:2)
  A deep elf zephyrmancer (D:14)
  3 ugly things
  A cyclops (D:14)
  2 manticores (D:12)
  A black mamba (Lair:4)
  6 cane toads
  A gargoyle (D:12)
  6 komodo dragons
  A rime drake (Lair:3)
  3 trolls
  The ghost of TangoThomas the Poker, an amateur DrAK of Lugonu (D:5)
  A polar bear (Lair:5)
  A jumping spider (Lair:3)
  9 slime creatures (D:12)
  5 dream sheep (Lair:5)
  3 blink frogs (Lair:5)
  A meliai zombie (D:11)
  41 yaks
  3 shadows
  2 water elementals (D:12)
  2 wraiths
  6 wyverns
  5 hogs (D:12)
  A basilisk (D:14)
  A steam dragon (D:7)
  9 vampire mosquitoes
  Menkaure (D:7)
  12 water moccasins
  An ice beast (D:6)
  5 orc warriors
  4 sky beasts
  A necrophage (D:7)
  2 black bears (Lair:3)
  3 ogres
  A centaur (D:6)
  6 wolves
  8 bullfrogs
  2 kobold brigands
  2 wyvern zombies
  2 scorpions
  A wyvern skeleton (D:7)
  5 wights (D:10)
  2 howler monkeys
  3 electric eels
  5 centaur zombies
  4 hounds
  2 jellies
  2 bullfrog skeletons
  A centaur skeleton (D:5)
  9 orc priests
  Ijyb (D:5)
  5 iguanas
  8 orc wizards
  A bullfrog simulacrum (D:5)
  2 centaur simulacra (D:5)
  A hound skeleton (D:4)
  3 howler monkey zombies
  4 gnolls
  8 adders
  A white imp (D:5)
  2 ufetubi
  2 worms (D:3)
  A dart slug (D:3)
  An adder simulacrum (D:5)
  41 orcs
  11 ball pythons
  11 endoplasms
  3 giant cockroaches
  11 goblins
  7 hobgoblins
  21 kobolds
  3 quokkas (D:4)
  3 bats (D:2)
  3 frilled lizards
  6 rats
376 creatures vanquished.

Vanquished Creatures (others)
  Kirke (D:12)
  32 fungi
  84 plants
117 creatures vanquished.

Grand Total: 493 creatures vanquished

Notes
Turn   | Place    | Note
-------+----------+-------------------------------------------
     0 | D:1      | BinkBink the Spriggan Brigand began the quest for the Orb.
     0 | D:1      | Reached XP level 1. HP: 10/10 MP: 2/2
   258 | D:1      | Found Leafefre's General Store.
   266 | D:1      | Bought 14 stones for 19 gold pieces
   266 | D:1      | Bought a +0 hunting sling for 21 gold pieces
   266 | D:1      | Bought 29 stones for 40 gold pieces
   355 | D:1      | Reached XP level 2. HP: 14/14 MP: 3/3
   394 | D:1      | Found a faded altar of an unknown god.
   799 | D:2      | Found a glowing golden altar of the Shining One.
   817 | D:2      | Noticed an ogre
  1322 | D:2      | Reached XP level 3. HP: 18/18 MP: 4/4
  1676 | D:2      | Killed an ogre
  1677 | D:2      | Reached skill level 3 in Slings
  1677 | D:2      | Reached XP level 4. HP: 22/22 MP: 5/5
  2009 | D:2      | Reached skill level 4 in Slings
  2009 | D:2      | Reached XP level 5. HP: 19/25 MP: 6/6
  3533 | D:3      | Reached skill level 5 in Slings
  3790 | D:3      | Found an ancient bone altar of Kikubaaqudgha.
  3832 | D:3      | Found a runed translucent door.
  3850 | D:3      | Noticed makewrite's ghost (weakling MiMo)
  4162 | D:3      | Found a sparkling altar of Nemelex Xobeh.
  4321 | D:4      | Found a broken altar of Ashenzari.
  4583 | D:4      | Found a snail-covered altar of Cheibriados.
  4659 | D:4      | Reached XP level 6. HP: 30/30 MP: 7/7
  4987 | D:4      | Reached skill level 6 in Slings
  6532 | D:4      | Found a shimmering blue altar of Sif Muna.
  6626 | D:4      | Reached XP level 7. HP: 28/33 MP: 8/8
  6770 | D:4      | Reached skill level 7 in Slings
  6945 | D:5      | Entered Level 5 of the Dungeon
  6957 | D:5      | Found a runed translucent gate.
  6957 | D:5      | Found a runed translucent gate.
  6957 | D:5      | Found a runed translucent gate.
  7044 | D:5      | Noticed TangoThomas's ghost (amateur DrAK)
  7049 | D:5      | Noticed Ijyb
  8991 | D:5      | Found a glowing golden altar of the Shining One.
  9073 | D:5      | Reached skill level 8 in Slings
  9565 | D:5      | Killed TangoThomas's ghost
  9566 | D:5      | Reached XP level 8. HP: 37/37 MP: 9/9
  9962 | D:5      | Killed Ijyb
 10187 | D:5      | Reached skill level 9 in Slings
 10707 | D:6      | Found a staircase to the Ecumenical Temple.
 10716 | Temple   | Entered the Ecumenical Temple
 11949 | D:6      | Reached skill level 5 in Dodging
 12067 | D:6      | Reached skill level 10 in Slings
 12101 | D:6      | Reached skill level 10 in Stealth
 12631 | D:6      | Found a burning altar of Makhleb.
 13376 | D:6      | Reached XP level 9. HP: 41/41 MP: 10/10
 13588 | D:6      | Found a glowing silver altar of Zin.
 13693 | D:6      | Found a shadowy altar of Dithmenos.
 13973 | D:7      | Noticed Menkaure
 14622 | D:7      | Found Vohyamei's CLEARANCE SALE! EVERYTHING MUST GO!.
 14627 | D:7      | Identified the +2 kite shield "Jenuk" {rElec rN+ Dex-5}
 15457 | D:7      | HP: 1/41 [something/ball of steam (13)]
 15952 | D:7      | Killed Menkaure
 16043 | D:7      | Reached skill level 11 in Slings
 16776 | D:8      | Found a staircase to the Lair.
 16778 | D:8      | Noticed a komodo dragon
 17033 | D:8      | Found an iron altar of Okawaru.
 17182 | D:8      | Found a hide-covered altar of Uskayaw.
 17480 | D:8      | Killed a komodo dragon
 17481 | D:8      | Reached skill level 5 in Short Blades
 18406 | D:9      | Reached XP level 10. HP: 46/46 MP: 11/11
 18604 | D:9      | Identified the +5 quarterstaff of the Piercing Seer {vamp,
                  | rPois rCorr Int+2 SInv Stlth-}
 19416 | D:10     | Entered Level 10 of the Dungeon
 19421 | D:10     | Noticed a two-headed ogre
 19505 | D:9      | Killed a two-headed ogre
 19506 | D:9      | Reached skill level 12 in Slings
 21162 | D:11     | Noticed a two-headed ogre
 21172 | D:11     | Killed a two-headed ogre
 21185 | D:11     | Noticed Nergalle
 21313 | D:11     | Noticed a green ugly thing
 21365 | D:11     | Noticed a two-headed ogre
 22362 | D:11     | Killed a two-headed ogre
 22439 | D:11     | Reached XP level 11. HP: 49/49 MP: 12/12
 22775 | D:10     | Killed a green ugly thing
 22776 | D:10     | Reached skill level 10 in Dodging
 23598 | D:11     | Reached skill level 5 in Throwing
 24383 | D:11     | Killed Nergalle
 24609 | D:12     | Noticed Kirke
 24806 | D:12     | Noticed a two-headed ogre
 24814 | D:12     | Killed a two-headed ogre
 24815 | D:12     | Reached skill level 13 in Slings
 25064 | Lair:1   | Entered Level 1 of the Lair of Beasts
 25085 | Lair:1   | Reached skill level 1 in Evocations
 25246 | Lair:1   | Reached skill level 1 in Spellcasting
 28734 | Lair:2   | Noticed a bog body
 28783 | Lair:2   | Killed a bog body
 28849 | Lair:2   | Found a staircase to the Swamp.
 29546 | Lair:2   | Noticed a six-headed hydra
 29648 | Lair:2   | Killed a six-headed hydra
 29649 | Lair:2   | Reached XP level 12. HP: 53/53 MP: 16/18
 31390 | D:12     | Reached skill level 14 in Slings
 32541 | D:12     | Found a staircase to the Orcish Mines.
 33020 | D:12     | Noticed a two-headed ogre
 33670 | D:12     | Noticed a four-headed hydra
 34884 | D:12     | Killed a two-headed ogre
 34885 | D:12     | Reached skill level 5 in Evocations
 35612 | D:12     | Killed a four-headed hydra
 35613 | D:12     | Reached skill level 5 in Spellcasting
 36733 | D:12     | Killed Kirke
 36734 | D:12     | Reached skill level 15 in Slings
 36941 | D:13     | Noticed a centaur warrior
 36986 | Orc:1    | Entered Level 1 of the Orcish Mines
 37126 | D:8      | Became a worshipper of Warmaster Okawaru
 38154 | Lair:2   | Learned a level 2 spell: Slow
 38979 | Lair:3   | Found a hole to the Spider Nest.
 39062 | Lair:3   | Reached * piety under Okawaru
 39063 | Lair:3   | Reached XP level 13. HP: 57/57 MP: 22/22
 39638 | Lair:3   | Noticed Gastronok
 39657 | Lair:3   | Killed Gastronok
 39658 | Lair:3   | Reached skill level 1 in Hexes
 40846 | Lair:4   | Reached ** piety under Okawaru
 42067 | Lair:4   | Reached skill level 16 in Slings
 45347 | Lair:5   | Reached *** piety under Okawaru
 45541 | Lair:5   | Received a gift from Okawaru
 46177 | Lair:5   | Found a viscous altar of Jiyva.
 46177 | Lair:5   | Found a staircase to the Slime Pits.
 47217 | Lair:6   | Entered Level 6 of the Lair of Beasts
 47527 | D:13     | You fall into a shaft and drop 1 floor!
 47527 | D:14     | Found Orry's Distillery.
 47545 | D:14     | Reached skill level 10 in Short Blades
 48203 | D:13     | Noticed Urug
 48316 | D:13     | HP: 1/57 [centaur warrior/arrow (7)]
 48317 | D:13     | Shot with an arrow by a centaur warrior

Illustrated notes

Levels and vault maps discovered:
D:1:      mrwooster_arrival_statue, layout_loops_ring,
          ebering_ecumenical_altar_hall, serial_shops, nicolae_shop_statue_plus
D:2:      wad_lake_hut, layout_basic, basic_altar
D:3:      layout_rooms, mainiacjoe_overflow_paths,
          mainiacjoe_overflow_tiny_flanked, ebering_ghost_sewer_d
D:4:      layout_basic, lemuel_crystal_altar, marbit_many_paths, led_sif_book
D:5:      layout_basic, nicolae_tso_swordbearing_angel, gammafunk_ghost_icy,
          uniq_ijyb
D:6:      layout_basic, mainiacjoe_overflow_alcove_2,
          nicolae_overflow_hidden_temple, minmay_temple_entry_mini_moons
D:7:      layout_rooms, serial_rivers, chequers_serial_rivers_micro_e,
          chequers_serial_rivers_small_a, chequers_serial_rivers_large_b,
          chequers_serial_rivers_small_3, chequers_serial_rivers_large_a,
          nicolae_shop_clearance, uniq_menkaure
D:8:      layout_basic, mainiacjoe_overflow_six_doors_small, okawaru_trees_2,
          david_lair_shrubbed
D:9:      layout_loops_ring, introduction_to_nature_2
D:10:     layout_basic
D:11:     layout_cave_pools, uniq_nergalle
D:12:     layout_loops_corners, david_orc_4, serial_bayou_lake_a, uniq_kirke
D:13:     layout_irregular_city, uniq_urug
D:14:     layout_layer_cave, david_vaults_5, serial_shops, nicolae_shop_crystal,
          bh_hangedman_babel_library
Temple:   jpeg_temple_clearing
Lair:1:   layout_roguey, nicolae_volcano_entry_two_sided
Lair:2:   layout_cave_pods, skrybe_swamp_entry_bodies, serial_bayou_shore_b,
          grunt_megastairs_1, lemuel_fruit_tree
Lair:3:   layout_layer_cave, spider_nest_entry_rubble, beast_lair_carwin_11,
          serial_bayou_shore_a, uniq_gastronok
Lair:4:   layout_cave_pods
Lair:5:   dpeg_oklob_gauntlet, layout_loops_ring, slime_altar_1,
          grunt_megastairs_3, infiniplex_staircase_pool_2
Lair:6:   hellmonk_lair_end_abyssal_woods, layout_hall_layers,
          portal_ice_cave_rime, basic_altar
Orc:1:    cheibrodos_orc_arena, layout_caves, serial_shops, shop, uniq_maurice

Skill      XL: |  1  2  3  4  5  6  7  8  9 10 11 12 13 |
---------------+----------------------------------------+-----
Stealth        | 6 7 8 9 10 11 12 13 14 | 14.4
Slings         | 3 4 5 6 8 10 11 12 13 15 16 | 16.7
Dodging        | 2 3 4 5 7 9 11 12 13 | 13.2
Short Blades   | 3 5 7 8 9 10 | 10.0
Throwing       | 4 5 |  5.1
Evocations     | 3 5 |  5.6
Spellcasting   | 3 5 7 |  7.0
Hexes          | 4 |  4.0
Fighting       | |  1.5

Action                   |  1- 3 |  4- 6 |  7- 9 | 10-12 | 13-15 || total
-------------------------+-------+-------+-------+-------+-------++-------
Melee: Dagger            |    37 |     4 |   139 |  1051 |   118 ||  1349
 Fire: Hunting sling     |    54 |   402 |   592 |  2501 |  1196 ||  4745
Throw: Dart              |       |       |   108 |    44 |       ||   152
       Stone             |       |       |       |     2 |       ||     2
       Throwing net      |       |       |       |     1 |       ||     1
 Cast: Slow              |       |       |       |       |     2 ||     2
  Use: Scroll            |       |     3 |     3 |     9 |     9 ||    24
       Potion            |       |     1 |       |     2 |     4 ||     7
 Stab: Sleeping          |    10 |     1 |    13 |    14 |    15 ||    53
       Distracted        |       |       |       |     1 |       ||     1
Armor: Robe              |     5 |     8 |    21 |   130 |     8 ||   172
Dodge: Dodged            |    36 |    32 |   163 |  1011 |    96 ||  1338
